 Dungeon Sprint DCSS version 0.29.1-2-gbd0b4ee654 (webtiles) character file.

Game seed: 14395285871887775258

546 boopmooplesden the Cleaver (level 7, -1/74 HPs)
             Began as a Minotaur Berserker on Nov 25, 2022.
             Was an Elder of Trog.
             Slain by a fire elemental (12 damage)
             ... summoned by a deep elf pyromancer
             ... in the Dungeon (Sprint III: "The Ten Rune Challenge").
             The game lasted 00:01:10 (771 turns).

boopmooplesden the Cleaver (Minotaur Berserker)      Turns: 771, Time: 00:01:11

Health: -1/74      AC:  3    Str: 21    XL:     7   Next: 6%
Magic:  6/6        EV: 14    Int:  4    God:    Trog [****..]
Gold:   24         SH:  0    Dex: 12    Spells: 6/6 levels left

rFire   . . .      SeeInvis .   i - +1 club (spect)
rCold   . . .      Faith    .   (no shield)
rNeg    . . .      Spirit   .   r - +0 leather armour
rPois   .          Reflect  .   (helmet restricted)
rElec   .          Harm     .   (no cloak)
rCorr   .          Rampage  .   (no gloves)
Will    .....      NoTele   +   (no boots)
Stlth   +.........              (no amulet)
HPRegen 0.22/turn               (no ring)
MPRegen 0.10/turn               (no ring)

@: on fire, on berserk cooldown, slowed, glowing, very slow
A: horns 2, retaliatory headbutt
a: Renounce Religion, Berserk, Trog's Hand, Brothers in Arms


You were in the Dungeon.
You worshipped Trog.
Trog was greatly pleased with you.
You visited 1 branch You collected 24 gold pieces.

Inventory:

Hand Weapons
 a - a +0 hand axe
 i - a +1 spectral club (weapon)
Armour
 b - a +0 animal skin
 r - a +0 leather armour (worn)
Scrolls
 h - 2 scrolls of blinking
 k - a scroll of torment {unknown}
 l - 2 scrolls of identify {unknown}
 o - a scroll of poison {unknown}
Potions
 c - a potion of curing
 d - a potion of heal wounds
 e - a potion of haste
 f - 2 potions of magic
 g - a potion of berserk rage
 j - 2 potions of mutation {unknown}
 m - a potion of brilliance {unknown}
 n - a potion of lignification {unknown}
 p - a potion of degeneration {unknown}
 q - a potion of flight {unknown}


   Skills:
 + Level 11.3 Fighting
 + Level 11.4(11.5) Axes
 + Level 2.4(7.7) Maces & Flails
 + Level 6.3 Armour
 + Level 7.0 Dodging
 + Level 0.5 Stealth


You had 6 spell levels left.
You didn't know any spells.
Your spell library was empty.

Dungeon Overview and Level Annotations

Branches:
Dungeon (1/1)

Altars:
Dithmenos
Elyvilon
Kikubaaqudgha
Okawaru
Ru
Sif Muna
Trog
Uskayaw
Vehumet
Wu Jian
Yredelemnul
Zin
The Shining One


Innate Abilities, Weirdness & Mutations

You have a pair of horns on your head.
You reflexively headbutt those who attack you in melee.


Message History

The fire elemental is severely damaged.
Your +1 spectral club hits the fire elemental.
The fire elemental hits your +1 spectral club.
The fire elemental burns your +1 spectral club!
Your +1 spectral club resists.
Your spectral weapon shares its damage with you!
The deep elf pyromancer gestures wildly while chanting.
The deep elf pyromancer blinks!
The fire elemental misses your +1 spectral club.
Unknown command.
You closely miss the fire elemental.
The fire elemental is severely damaged.
Your +1 spectral club hits the fire elemental.
The fire elemental misses your +1 spectral club.
You strike the helpless fire elemental from behind!
You hit the fire elemental.
The fire elemental is almost destroyed.
Your +1 spectral club hits the fire elemental.
You destroy the fire elemental!
The fire elemental disappears in a puff of smoke!
The deep elf pyromancer casts a spell.
You barely miss the deep elf pyromancer.
The deep elf pyromancer is heavily wounded.
The deep elf pyromancer barely misses you.
The fire elemental closely misses you.
The deep elf pyromancer hits you but does no damage.
You barely miss the deep elf pyromancer.
The deep elf pyromancer is heavily wounded.
The fire elemental barely misses you. The fire elemental hits you.
The fire elemental burns you!
The deep elf pyromancer gestures at you while chanting.
The sticky flame hits you!
You are covered in liquid flames!
* * * LOW HITPOINT WARNING * * *
You barely miss the deep elf pyromancer.
The deep elf pyromancer is heavily wounded.
You are covered in liquid flames!
* * * LOW HITPOINT WARNING * * *
The fire elemental hits you. The fire elemental burns you!
You die...

▓▓▓▓▓▓▓▓▓ ▓▓▓ ..'...♣.♣♣
♣.############ ..#....♣.♣
♣♣.#§__#___#__# ###.....♣♣
..#!@E#__)#._#
..#....~.♣♣♣♣.###e#†###)##
..#†..~~.♣♣.♣.#.○E.......#
..#..~~~~..♣..'.⌠.°......#
#'#..~≈≈~~~...#...######+#
..#.~~≈~~~....#.⌠.#
[÷#.~≈~~~.....#...#
..#.~~~.......#'###
###...........#)::#


You could see a deep elf pyromancer and 2 fire elementals.

Vanquished Creatures
  A necrophage (D)
  A water elemental (D)
  A scorpion (D)
  Jessica (D)
  A wizard (D)
  A necromancer (D)
  3 humans (D)
  A kobold demonologist (D)
  3 rats (D)
13 creatures vanquished.

Notes
Turn   | Place    | Note
-------+----------+-------------------------------------------
     0 | D        | boopmooplesden the Minotaur Berserker began the quest for
                  | the Orb.
     0 | D        | Reached XP level 1. HP: 19/19 MP: 0/0
    11 | D        | Noticed Jessica
    19 | D        | Reached ** piety under Trog
    19 | D        | Killed Jessica
    20 | D        | Reached skill level 5 in Fighting
    20 | D        | Reached skill level 5 in Axes
    20 | D        | Reached XP level 2. HP: 12/30 MP: 1/1
   255 | D        | Reached XP level 3. HP: 22/37 MP: 2/2
   372 | D        | Noticed a scorpion
   378 | D        | Killed a scorpion
   378 | D        | Reached *** piety under Trog
   379 | D        | Reached XP level 4. HP: 40/47 MP: 3/3
   406 | D        | Noticed a water elemental
   411 | D        | Killed a water elemental
   412 | D        | Reached XP level 5. HP: 56/56 MP: 4/4
   490 | D        | Found a basalt altar of Yredelemnul.
   490 | D        | Found a shadowy altar of Dithmenos.
   490 | D        | Found a sacrificial altar of Ru.
   492 | D        | Reached skill level 5 in Dodging
   497 | D        | Reached **** piety under Trog
   498 | D        | Reached skill level 1 in Maces & Flails
   498 | D        | Reached skill level 5 in Armour
   564 | D        | Found a hide-covered altar of Uskayaw.
   564 | D        | Found an iron altar of Okawaru.
   564 | D        | Found a bloodstained altar of Trog.
   564 | D        | Found an ornate altar of the Wu Jian Council.
   564 | D        | Noticed a human
   564 | D        | Noticed a human
   569 | D        | Killed a human
   570 | D        | Reached skill level 10 in Fighting
   570 | D        | Reached skill level 10 in Axes
   570 | D        | Reached XP level 6. HP: 67/67 MP: 5/5
   576 | D        | Killed a human
   637 | D        | Found a radiant altar of Vehumet.
   638 | D        | Found a shimmering blue altar of Sif Muna.
   638 | D        | Found an ancient bone altar of Kikubaaqudgha.
   642 | D        | Reached XP level 7. HP: 74/74 MP: 6/6
   755 | D        | Found a glowing silver altar of Zin.
   757 | D        | Found a glowing golden altar of the Shining One.
   757 | D        | Found a white marble altar of Elyvilon.
   757 | D        | Noticed a deep elf pyromancer
   758 | D        | Noticed a fire elemental
   769 | D        | Noticed a fire elemental
   769 | D        | Noticed a fire elemental
   771 | D        | Slain by a fire elemental

Illustrated notes

Levels and vault maps discovered:
D:        dungeon_sprint_mu [sprint_mu_entry_forest, sprint_mu_temple_rooms,
          sprint_mu_d1_horrors, sprint_mu_d2_genie, sprint_mu_d3_branching,
          sprint_mu_orc_legion, sprint_mu_elf_gauntlet, sprint_mu_hive_nellie,
          sprint_mu_lair_fedhas, sprint_mu_vaults_butterflies,
          sprint_mu_slime_circle, sprint_mu_swamp_cave, sprint_mu_shoals_archi,
          sprint_mu_blade_basic, sprint_mu_crypt_fortress,
          sprint_mu_tomb_spiral, sprint_mu_vestibule_basic,
          sprint_mu_gehenna_hellfire, sprint_mu_dis_giant,
          sprint_mu_tartarus_statrot, sprint_mu_cocytus_islands, sprint_mu_zot1]

Skill      XL: |  1  2  3  4  5  6  7 |
---------------+----------------------+-----
Fighting       | 5 6 7 8 10 11 | 11.3
Axes           | 5 6 7 8 10 11 | 11.4
Armour         | 3 4 5 6 |  6.3
Dodging        | 3 4 6 7 |  7.0
Maces & Flails | 1 2 |  2.4
Stealth        | |  0.5

Action                   |  1- 3 |  4- 6 |  7- 9 || total
-------------------------+-------+-------+-------++-------
Melee: Hand axe          |     6 |       |       ||     6
       Headbutt          |     1 |     1 |     5 ||     7
       Club              |     9 |    21 |    13 ||    43
Invok: Berserk           |       |     2 |     1 ||     3
 Stab: Distracted        |       |       |     1 ||     1
Armor: Animal skin       |     4 |       |       ||     4
       Leather armour    |       |       |     7 ||     7
Dodge: Dodged            |     9 |     9 |     6 ||    24
